 Dungeon Crawl Stone Soup version 0.21-a0-243-g597973d (webtiles) character file.

169 KristoblXynda the Conjurer (level 5, -1/28 HPs)
             Began as a Deep Elf Conjurer on Sept 4, 2017.
             Slain by KristoblXynda's ghost (9 damage)
             ... on level 3 of the Dungeon.
             The game lasted 00:06:34 (2521 turns).

KristoblXynda the Conjurer (Deep Elf Conjurer)      Turns: 2521, Time: 00:06:34

Health: -1/28      AC:  2    Str:  5    XL:     5   Next: 25%
Magic:  0/15       EV: 13    Int: 21    God:
Gold:   141        SH:  0    Dex: 15    Spells: 7/15 levels left

rFire    . . .     SeeInvis .   g - +1 dagger (drain)
rCold    . . .     Gourm    .   (no shield)
rNeg     . . .     Faith    .   a - +0 robe
rPois    .         Spirit   .   (no helmet)
rElec    .         Reflect  .   (no cloak)
rCorr    .         Harm     .   (no gloves)
MR       .....                  (no boots)
Stlth    +++.......             (no amulet)
HPRegen  0.09/turn              h - ring of flight
MPRegen  0.14/turn              s - ring of stealth

@: no status effects
A: no striking features
a: Evoke Flight


You were on level 3 of the Dungeon.
You were very hungry.

You visited 1 branch of the dungeon, and saw 3 of its levels.

You collected 141 gold pieces.

Inventory:

Hand Weapons
 g - a +1 dagger of draining (weapon)
 q - a +0 whip of draining
Armour
 a - a +0 robe (worn)
Jewellery
 h - a ring of flight (left hand)
 s - a ring of stealth (right hand)
Scrolls
 f - 2 scrolls of identify
 i - 2 scrolls of remove curse {unknown}
 m - a scroll of teleportation {unknown}
 o - a scroll of amnesia {unknown}
 r - a scroll of recharging {unknown}
 t - 2 scrolls of enchant armour {unknown}
Potions
 d - 2 potions of curing
 e - a potion of brilliance
 k - a potion of magic
 l - a potion of resistance
 n - a potion of heal wounds
Books
 b - a book of Conjurations

   Spells                             Type                      Level
   a - Magic Dart                     Conjuration                  1
   b - Searing Ray                    Conjuration                  2
   c - Dazzling Spray                 Conjuration/Hexes            3
   d - Fulminant Prism                Conjuration/Hexes            4
   e - Force Lance                    Conjuration/Translocation    4
   f - Iskenderun's Mystic Blast      Conjuration                  4
Comestibles
 c - 6 bread rations
 j - 3 royal jellies


   Skills:
 - Level 2.4 Dodging
 - Level 2.4 Stealth
 + Level 5.8 Spellcasting
 + Level 5.8 Conjurations


You had 7 spell levels left.
You knew the following spells:

 Your Spells              Type           Power        Failure   Level  Hunger
a - Magic Dart            Conj           ####         1%          1    None
b - Dazzling Spray        Conj/Hex       ###...       9%          3    ##.....
c - Iskenderun's Mystic   Conj           ####....     9%          4    ####...


Dungeon Overview and Level Annotations

Branches:
Dungeon (3/15)

Altars:
Ashenzari

Annotations:
D:3 KristoblXynda's ghost, amateur DrSk


Message History

Found 2 fruits.
Casting: Iskenderun's Mystic Blast
Confirm with . or Enter, or press ? or * to list all spells.
Aiming: Magic Dart
Press: ? - help, Shift-Dir - straight line, f/p - KristoblXynda's ghost
Aim: KristoblXynda's ghost (almost destroyed)
The magic dart hits KristoblXynda's ghost.
KristoblXynda's ghost is almost destroyed.
KristoblXynda's ghost hits you!
* * * LOW HITPOINT WARNING * * *
Found a whip and a pair of boots.
Casting: Magic Dart
Confirm with . or Enter, or press ? or * to list all spells.
Aiming: Magic Dart
Press: ? - help, Shift-Dir - straight line, f/p - KristoblXynda's ghost
Aim: KristoblXynda's ghost (almost destroyed)
The magic dart hits KristoblXynda's ghost.
KristoblXynda's ghost is almost destroyed.
KristoblXynda's ghost hits you!
You die...

#. #. #. ##. # #. ###..
##.##.############ .....
.................# #..
.......%.....###.########.
........####..............
......).######...########.
........W@.....#.# #.
....[..#######...# #.
....... ###$# #. #######
#.. .. ### ##


You could see KristoblXynda's ghost.

Vanquished Creatures
  Jessica (D:3)
  4 gnolls (D:2)
  3 adders
  An ooze (D:2)
  A worm (D:2)
  3 dart slugs (D:1)
  3 leopard geckos
  9 bats
  4 giant cockroaches
  6 goblins
  8 hobgoblins
  4 jackals
  3 frilled lizards
  6 kobolds
  7 rats
63 creatures vanquished.

Notes
Turn   | Place    | Note
-------+----------+-------------------------------------------
     0 | D:1      | KristoblXynda the Deep Elf Conjurer began the quest for the Orb.
     0 | D:1      | Reached XP level 1. HP: 10/10 MP: 6/6
   280 | D:1      | Reached XP level 2. HP: 15/15 MP: 4/8
   666 | D:1      | Reached XP level 3. HP: 19/19 MP: 7/10
   671 | D:1      | Learned a level 3 spell: Dazzling Spray
   820 | D:2      | Reached skill level 5 in Conjurations
  1454 | D:2      | Reached XP level 4. HP: 9/24 MP: 6/12
  1493 | D:1      | Reached skill level 5 in Spellcasting
  1770 | D:2      | Learned a level 4 spell: Iskenderun's Mystic Blast
  2188 | D:3      | Reached XP level 5. HP: 25/28 MP: 4/15
  2421 | D:3      | Noticed Jessica
  2423 | D:3      | Killed Jessica
  2427 | D:3      | Found a shattered altar of Ashenzari.
  2489 | D:3      | Noticed KristoblXynda's ghost (amateur DrSk)
  2521 | D:3      | Slain by KristoblXynda's ghost

Vault maps used:
D:1:      scummos_arrival_star, serial_glass, glass_columns_a, glass_columns_b,
          glass_columns_a, glass_columns_c, glass_columns_a, glass_columns_c
D:2:      first_bread
D:3:      nicolae_ashenzari_panopticon, uniq_jessica

Skill      XL: |  1  2  3  4 |
---------------+-------------+-----
Spellcasting   | 4 5 |  5.8
Conjurations   | 5 |  5.8
Dodging        | |  2.4
Stealth        | |  2.4

Action                   |  1- 3 |  4- 6 || total
-------------------------+-------+-------++-------
Melee: Dagger            |     3 |    16 ||    19
 Cast: Magic Dart        |    85 |    55 ||   140
       Iskenderun's Myst |       |     3 ||     3
  Use: Scroll            |       |     5 ||     5
  Eat: Chunk             |     1 |     3 ||     4
Armor: Robe              |     1 |     7 ||     8
Dodge: Dodged            |    11 |    16 ||    27

Table legend:
 A = Spawn XP
 B = Non-spawn XP
 C = Spawn XP percentage of total XP
 D = Spawn monster count
 E = Non-spawn monster count
 F = Spawn count percentage of total count
 G = Total turns spent on level
                    A         B        C        D         E        F      G
               +---------+---------+-------+---------+---------+-------+---------
         Total |      21 |     221 |   8.7 |      10 |      53 |  15.9 |  2521
               +---------+---------+-------+---------+---------+-------+---------
           D:1 |      11 |      37 |  22.9 |       5 |      20 |  20.0 |  1086
           D:2 |       6 |     125 |   4.6 |       3 |      26 |  10.3 |  1090
           D:3 |       4 |      59 |   6.3 |       2 |       7 |  22.2 |   345
               +---------+---------+-------+---------+---------+-------+---------
